[Event "Titled Tuesday Blitz January 10 Early 2023"]
[White "Rustemov, Alexander"]
[Black "Czernek, Tymon"]
[WhiteFideId "4119002"]
[BlackFideId "1199510"]
[WhiteElo "2525"]
[BlackElo "2314"]
[Result "0-1"]
[Round "04"]
[TimeControl "180+2"]
[Date "2023.01.10"]
[WhiteClock "0:00:02"]
[BlackClock "0:00:57"]

1. d4 d5 2. c4 e6 3. Nc3 Nf6 4. Nf3 Bb4 5. Bg5 dxc4 6. e4 c5 7. Bxc4 cxd4 8. Nxd4 Qa5 9. Bd2 Qc5 10. Bb5+ Bd7 11. Nb3 Qe7 12. Bd3 Nc6 13. a3 Bd6 14. f4 e5 15. f5 Nd4 16. Bg5 Bc6 17. O-O h6 18. Bh4 Nxb3 19. Qxb3 Bc5+ 20. Kh1 Bd4 21. Ne2 Rd8 22. Nxd4 Rxd4 23. Bf2 Rd7 24. Qc2 Qd8 25. Rad1 O-O 26. Qe2 a6 27. Bc5 Re8 28. Rfe1 Ba4 29. Bc2 Bxc2 30. Qxc2 Rxd1 31. Rxd1 Qc7 32. Rc1 Rc8 33. Qd1 Nxe4 34. Be3 Nf2+ 35. Bxf2 Qxc1 36. Qg1 Qxg1+ 37. Bxg1 e4 0-1


[Site "https://www.chess.com"]

[Event "Titled Tuesday Blitz January 10 Early 2023"]
[White "Mendez Fortes, Eduardo Jesus"]
[Black "Lagarde, Maxime"]
[WhiteFideId "3502376"]
[BlackFideId "662399"]
[WhiteElo "2250"]
[BlackElo "2579"]
[Result "0-1"]
[Round "04"]
[TimeControl "180+2"]
[Date "2023.01.10"]
[WhiteClock "0:01:35"]
[BlackClock "0:01:53"]

1. e4 e5 2. Nf3 d6 3. d4 exd4 4. Nxd4 Nf6 5. Nc3 Be7 6. Bf4 O-O 7. Qd2 d5 8. exd5 Nxd5 9. Nxd5 Qxd5 10. Nb5 Qxd2+ 11. Kxd2 Na6 12. Nxc7 Nxc7 13. Bxc7 Bg5+ 14. f4 Bf6 15. c3 Bf5 16. Bd3 Rad8 17. Bxd8 Rxd8 18. Rad1 Rxd3+ 19. Kc1 h5 20. Rxd3 Bxd3 21. Rd1 Be4 22. g3 h4 23. Re1 Bc6 24. Kc2 h3 25. c4 Kh7 26. b4 a6 27. Kb3 Kg6 28. a4 Kf5 29. Re3 Bd4 30. Re7 Bg1 31. Rxf7+ Kg6 32. Rf8 Bxh2 33. Rh8 Bg2 34. b5 Bg1 35. Kb4 h2 36. c5 axb5 37. a5 h1=Q 0-1


[Site "https://www.chess.com"]

[Event "Titled Tuesday Blitz January 10 Early 2023"]
[White "Liang, Justin"]
[Black "Mahdavi, Reza"]
[WhiteFideId "2099942"]
[BlackFideId "12595926"]
[WhiteElo "2052"]
[BlackElo "2339"]
[Result "0-1"]
[Round "04"]
[TimeControl "180+2"]
[Date "2023.01.10"]
[WhiteClock "0:00:05"]
[BlackClock "0:01:12"]

1. d4 g6 2. e4 Bg7 3. Nf3 d6 4. Nc3 a6 5. Bg5 h6 6. Be3 e6 7. Qd2 b5 8. Ne2 Bb7 9. Ng3 Nf6 10. Bd3 Nbd7 11. h3 c5 12. c3 Qe7 13. O-O e5 14. a4 c4 15. Bc2 h5 16. d5 O-O 17. Bg5 Nc5 18. axb5 axb5 19. Nh4 Qc7 20. f4 Rxa1 21. Rxa1 Nh7 22. f5 f6 23. Bh6 g5 24. Bxg7 Kxg7 25. Nxh5+ Kf7 26. Ng6 Ra8 27. Rxa8 Bxa8 28. h4 Qa7 29. Qc1 Nd3+ 0-1


[Site "https://www.chess.com"]

[Event "Titled Tuesday Blitz January 10 Early 2023"]
[White "Colas, Joshua"]
[Black "Zemlyanskii, Ivan"]
[WhiteFideId "2044447"]
[BlackFideId "24249971"]
[WhiteElo "2342"]
[BlackElo "2300"]
[Result "0-1"]
[Round "04"]
[TimeControl "180+2"]
[Date "2023.01.10"]
[WhiteClock "0:00:11"]
[BlackClock "0:00:35"]

1. Nf3 d5 2. c4 e6 3. g3 Nf6 4. Bg2 d4 5. O-O c5 6. e3 Nc6 7. exd4 cxd4 8. Re1 Bd6 9. b3 O-O 10. Ba3 e5 11. d3 Re8 12. Bxd6 Qxd6 13. Nbd2 Bf5 14. Bf1 Nb4 15. Qb1 a5 16. a3 Nc6 17. Nh4 Bg4 18. Bg2 Nd7 19. h3 Be6 20. Ne4 Qe7 21. Nf3 h6 22. g4 f5 23. gxf5 Bxf5 24. Ng3 Bh7 25. Qb2 Nc5 26. Bf1 Bxd3 27. Rad1 Bxf1 28. Kxf1 Qf6 29. Nh2 e4 30. b4 axb4 31. axb4 Nd3 32. Rxd3 exd3 33. Rxe8+ Rxe8 34. Qd2 Ne5 35. c5 Nf3 36. Nxf3 Qxf3 37. b5 Ra8 38. Kg1 Ra1+ 39. Nf1 Rxf1+ 40. Kxf1 Qh1# 0-1


[Site "https://www.chess.com"]

[Event "Titled Tuesday Blitz January 10 Early 2023"]
[White "Srebrnic, Marko"]
[Black "Arjun, Kalyan"]
[WhiteFideId "14603616"]
[BlackFideId "35018701"]
[WhiteElo "2366"]
[BlackElo "2516"]
[Result "0-1"]
[Round "04"]
[TimeControl "180+2"]
[Date "2023.01.10"]
[WhiteClock "0:00:23"]
[BlackClock "0:01:00"]

1. e4 Nc6 2. Nc3 e5 3. Bc4 Nf6 4. d3 Bc5 5. f4 d6 6. Nf3 exf4 7. Bxf4 O-O 8. Qd2 Bg4 9. O-O-O Nd4 10. Rdf1 Bxf3 11. gxf3 c6 12. Bg5 b5 13. Bb3 a5 14. a3 h6 15. Bh4 a4 16. Rhg1 Nxb3+ 17. cxb3 Bxg1 18. Rxg1 Kh7 19. b4 Qd7 20. Bxf6 gxf6 21. Qf4 Qe6 22. d4 Rg8 23. Rg3 d5 24. Qh4 Rg6 25. Ne2 dxe4 26. fxe4 Qc4+ 27. Kb1 Qxe2 0-1


[Site "https://www.chess.com"]

[Event "Titled Tuesday Blitz January 10 Early 2023"]
[White "Putnam, Liam"]
[Black "Turzo, Attila"]
[WhiteFideId "30938279"]
[BlackFideId "704954"]
[WhiteElo "2285"]
[BlackElo "2279"]
[Result "1-0"]
[Round "04"]
[TimeControl "180+2"]
[Date "2023.01.10"]
[WhiteClock "0:01:20"]
[BlackClock "0:00:05"]

1. a3 d5 2. h3 e5 3. e3 c5 4. d4 Nc6 5. Bb5 e4 6. Nc3 a6 7. Bxc6+ bxc6 8. Nge2 Nf6 9. dxc5 Bxc5 10. b4 Bd6 11. Bb2 O-O 12. Na4 Be6 13. Bd4 Nd7 14. c4 dxc4 15. Bxg7 Bxb4+ 16. axb4 Kxg7 17. Nd4 Ne5 18. O-O Qg5 19. Nxe6+ fxe6 20. Nc5 Rf6 21. Nxe4 Qg6 22. Nxf6 Qxf6 23. Qd4 Rd8 24. Qe4 Qf5 25. Qxf5 exf5 26. Rxa6 c3 27. Rc1 Rd3 28. Ra3 Kf6 29. Raxc3 Rd2 30. R3c2 Rd3 31. Rxc6+ Nxc6 32. Rxc6+ Kg5 33. Kh2 h5 34. h4+ Kxh4 35. Rg6 f4 36. g3+ 1-0


[Site "https://www.chess.com"]

[Event "Titled Tuesday Blitz January 10 Early 2023"]
[White "Aradhya, Garg"]
[Black "Hnydiuk, Aleksander"]
[WhiteFideId "25006746"]
[BlackFideId "1109057"]
[WhiteElo "2284"]
[BlackElo "2363"]
[Result "1-0"]
[Round "04"]
[TimeControl "180+2"]
[Date "2023.01.10"]
[WhiteClock "0:02:08"]
[BlackClock "0:00:25"]

1. d4 Nf6 2. Nf3 e6 3. Bg5 h6 4. Bh4 Be7 5. e3 O-O 6. Bd3 b6 7. O-O Bb7 8. Nbd2 c5 9. c3 d5 10. Qe2 Nbd7 11. a4 a6 12. Ne5 Nxe5 13. dxe5 Nd7 14. Bg3 Bh4 15. f4 Bxg3 16. hxg3 f6 17. Qg4 Qe7 18. Qg6 f5 19. g4 Rf7 20. gxf5 Nf8 21. Qg4 exf5 22. Bxf5 d4 23. exd4 cxd4 24. Ne4 dxc3 25. bxc3 Kh8 26. Nd6 1-0


[Site "https://www.chess.com"]

[Event "Titled Tuesday Blitz January 10 Early 2023"]
[White "Nigmatov, Ortik"]
[Black "Janaszak, Dawid"]
[WhiteFideId "14202131"]
[BlackFideId "1119206"]
[WhiteElo "2438"]
[BlackElo "2316"]
[Result "1-0"]
[Round "04"]
[TimeControl "180+2"]
[Date "2023.01.10"]
[WhiteClock "0:00:49"]
[BlackClock "0:00:15"]

1. d4 d5 2. Bf4 c5 3. e3 Nc6 4. Nf3 cxd4 5. exd4 Bg4 6. c3 e6 7. h3 Bxf3 8. Qxf3 Bd6 9. Bd3 Nf6 10. Nd2 Bxf4 11. Qxf4 Qb8 12. Qe3 O-O 13. O-O b5 14. Nb3 b4 15. Rac1 bxc3 16. bxc3 Qd6 17. Rfe1 Rab8 18. g3 Nd7 19. h4 a5 20. Rb1 a4 21. Nd2 Qa3 22. h5 h6 23. Bb5 Rfc8 24. Nf3 Rb6 25. Kg2 Rcb8 26. Bxc6 Rxc6 27. Rxb8+ Nxb8 28. Rb1 Nd7 29. Rb7 Nf8 30. Ne5 Qxc3 31. Nxc6 Qxc6 32. Rb8 Qd6 33. Qe5 Qa3 34. Qc7 Qe3 35. fxe3 1-0


[Site "https://www.chess.com"]

[Event "Titled Tuesday Blitz January 10 Early 2023"]
[White "Rangel, Daniel"]
[Black "Borges Feria, Yasel"]
[WhiteFideId "2124475"]
[BlackFideId "3504921"]
[WhiteElo "2207"]
[BlackElo "2439"]
[Result "1/2-1/2"]
[Round "04"]
[TimeControl "180+2"]
[Date "2023.01.10"]
[WhiteClock "0:01:16"]
[BlackClock "0:01:20"]

1. c4 e6 2. g3 d5 3. Bg2 dxc4 4. Qa4+ Nd7 5. Qxc4 a6 6. Nf3 b5 7. Qc2 Bb7 8. a4 c5 9. O-O Ngf6 10. d3 Be7 11. Nc3 Qb6 12. Qb3 Nd5 13. axb5 axb5 14. Rxa8+ Bxa8 15. Nd2 Nxc3 16. bxc3 O-O 17. Bb2 Bxg2 18. Kxg2 Ra8 19. Ra1 Rxa1 20. Bxa1 Qa6 21. Bb2 h6 22. Qa3 Qb7+ 23. f3 Nf6 24. c4 bxc4 25. Bxf6 Bxf6 26. Nxc4 1/2-1/2


[Site "https://www.chess.com"]

[Event "Titled Tuesday Blitz January 10 Early 2023"]
[White "Rahman, Ziaur"]
[Black "Talibov, Shiroghlan"]
[WhiteFideId "10200037"]
[BlackFideId "13429078"]
[WhiteElo "2464"]
[BlackElo "2359"]
[Result "1/2-1/2"]
[Round "04"]
[TimeControl "180+2"]
[Date "2023.01.10"]
[WhiteClock "0:00:08"]
[BlackClock "0:00:31"]

1. d4 d6 2. Nf3 Nf6 3. g3 g6 4. Bg2 Bg7 5. b3 O-O 6. Bb2 c5 7. dxc5 Qa5+ 8. Nbd2 Qxc5 9. O-O Nc6 10. c4 a5 11. e3 a4 12. Nd4 Bg4 13. Qc1 Qh5 14. Nxc6 bxc6 15. Bxc6 Rac8 16. Bg2 d5 17. c5 e5 18. b4 Bh3 19. f3 Bh6 20. Qe1 d4 21. e4 Be3+ 22. Kh1 Be6 23. Qe2 g5 24. Nc4 Bxc4 25. Qxc4 g4 26. f4 a3 27. Bc1 exf4 28. gxf4 g3 29. h3 Ng4 30. Qe2 f5 31. Bxe3 dxe3 32. Kg1 Qh4 33. e5 Rfd8 34. Rad1 Rxd1 35. Rxd1 Nf2 36. Rd7 Qxf4 37. Bd5+ Kh8 38. Qh5 h6 39. Rh7+ Kxh7 40. Qf7+ Kh8 41. Qf6+ Kh7 42. Qf7+ Kh8 43. Qf6+ Kh7 44. Qf7+ 1/2-1/2


[Site "https://www.chess.com"]

[Event "Titled Tuesday Blitz January 10 Early 2023"]
[White "Ioannidis, Evgenios"]
[Black "Musovic, Armin"]
[WhiteFideId "4229274"]
[BlackFideId "939935"]
[WhiteElo "2467"]
[BlackElo "2261"]
[Result "1-0"]
[Round "04"]
[TimeControl "180+2"]
[Date "2023.01.10"]
[WhiteClock "0:00:28"]
[BlackClock "0:00:47"]

1. d4 d5 2. c4 c5 3. cxd5 Nf6 4. dxc5 e6 5. Nc3 Bxc5 6. e4 O-O 7. Bc4 Qb6 8. Qe2 exd5 9. Bxd5 Nc6 10. Nf3 Bg4 11. Bxc6 Qxc6 12. O-O Rfe8 13. Re1 h6 14. h3 Bh5 15. Bf4 g5 16. Be3 Nxe4 17. Nxe4 Rxe4 18. Rac1 Rae8 19. b4 Rxb4 20. Rxc5 Qxc5 21. Bxc5 Rxe2 22. Rxe2 Rb1+ 23. Kh2 Bxf3 24. gxf3 b6 25. Re8+ Kh7 26. Bd4 Kg6 27. Re7 Rd1 28. Be3 f5 29. Rxa7 f4 30. Bxb6 Rb1 31. Ra6 Kh5 32. Bd4 Rb7 33. a4 Rd7 34. Be5 Re7 35. Bf6 Rf7 36. Rc6 Kh4 37. a5 h5 38. a6 Ra7 39. Bd4 Rd7 40. a7 Rxd4 41. a8=Q Rd2 42. Kg2 Re2 43. Qh8 g4 44. Qf6# 1-0


[Site "https://www.chess.com"]

[Event "Titled Tuesday Blitz January 10 Early 2023"]
[White "Bagrationi, Alexander"]
[Black "Acor, Corey"]
[WhiteFideId "14104954"]
[BlackFideId "2024861"]
[WhiteElo "2454"]
[BlackElo "2216"]
[Result "0-1"]
[Round "04"]
[TimeControl "180+2"]
[Date "2023.01.10"]
[WhiteClock "0:00:07"]
[BlackClock "0:00:27"]

1. e4 e5 2. Nf3 Nc6 3. Bc4 Bc5 4. c3 Nf6 5. d3 d6 6. h3 Bb6 7. b4 h6 8. a4 a6 9. Qb3 O-O 10. a5 Ba7 11. Nbd2 Qe7 12. Nf1 Be6 13. Be3 Rad8 14. Bxa7 Nxa7 15. Ne3 Nb5 16. O-O Nh5 17. Rad1 Nf4 18. Rfe1 c6 19. d4 Qf6 20. Bxe6 Qxe6 21. Qxe6 fxe6 22. dxe5 Nxc3 23. Rxd6 Nb5 24. Red1 Nxd6 25. exd6 Ne2+ 26. Kh2 Nc3 27. Rd4 Nb5 28. e5 Rxf3 29. gxf3 Nxd4 30. f4 Ne2 31. f5 Kf7 0-1


[Site "https://www.chess.com"]

[Event "Titled Tuesday Blitz January 10 Early 2023"]
[White "Starozhilov, Leonid"]
[Black "Tomaszewski, Kacper"]
[WhiteFideId "14106752"]
[BlackFideId "1127373"]
[WhiteElo "2313"]
[BlackElo "2313"]
[Result "1-0"]
[Round "04"]
[TimeControl "180+2"]
[Date "2023.01.10"]
[WhiteClock "0:00:25"]
[BlackClock "0:00:35"]

1. e4 c6 2. d3 d5 3. Nd2 dxe4 4. dxe4 g6 5. Ngf3 Bg7 6. Bc4 Nh6 7. a4 O-O 8. c3 Nd7 9. O-O Ng4 10. Qe2 Nge5 11. Ba2 Nxf3+ 12. Nxf3 Ne5 13. Bf4 Bg4 14. Bxe5 Bxe5 15. h3 Bxf3 16. Qxf3 e6 17. Qe2 Qc7 18. g3 Rad8 19. Kg2 Rd7 20. Rad1 Rfd8 21. Rxd7 Rxd7 22. f4 Bg7 23. f5 exf5 24. exf5 Qe5 25. Qf2 Qe4+ 26. Kg1 gxf5 27. Re1 Qxa4 28. Qxf5 Qxa2 29. Re8+ Bf8 30. Qg5+ Kh8 31. Rxf8# 1-0


[Site "https://www.chess.com"]

[Event "Titled Tuesday Blitz January 10 Early 2023"]
[White "Domingo Nunez, Ruben"]
[Black "Kuzmin, Roman"]
[WhiteFideId "22245570"]
[BlackFideId "44134932"]
[WhiteElo "2416"]
[BlackElo "2198"]
[Result "1-0"]
[Round "04"]
[TimeControl "180+2"]
[Date "2023.01.10"]
[WhiteClock "0:00:37"]
[BlackClock "0:00:18"]

1. e4 c5 2. d4 cxd4 3. c3 dxc3 4. Nxc3 Nc6 5. Nf3 d6 6. Bc4 a6 7. O-O Nf6 8. h3 e6 9. Qe2 Be7 10. Rd1 Qa5 11. Bf4 Ne5 12. Bb3 O-O 13. Nd4 Bd7 14. Bg3 Rfd8 15. f4 Nc6 16. Nf3 d5 17. exd5 Bc5+ 18. Kh1 exd5 19. Nxd5 Nxd5 20. Rxd5 Be6 21. Rxd8+ Nxd8 22. Bxe6 Nxe6 23. f5 Nd4 24. Qe4 Nc6 25. f6 g6 26. a3 Qd8 27. Qh4 Bf8 28. Re1 Qd5 29. Bf4 Nd4 30. Ng5 h5 31. Ne4 Re8 32. Nc3 Rxe1+ 33. Qxe1 Qf5 34. Be5 Nc6 35. Bg3 Qxf6 36. Bh4 Qe5 37. Qf1 Bd6 38. g3 g5 39. Bxg5 Qxg5 40. Ne4 Qd5 41. Qf3 Qe5 42. Nf6+ Kh8 43. Nxh5 Nd4 44. Qxf7 Qe1+ 45. Kh2 Qe3 46. Qg7# 1-0


[Site "https://www.chess.com"]

[Event "Titled Tuesday Blitz January 10 Early 2023"]
[White "Klukin, Kirill"]
[Black "Kuznetsova, Olga"]
[WhiteFideId "24199273"]
[BlackFideId "4191323"]
[WhiteElo "2390"]
[BlackElo "2142"]
[Result "1-0"]
[Round "04"]
[TimeControl "180+2"]
[Date "2023.01.10"]
[WhiteClock "0:01:10"]
[BlackClock "0:00:07"]

1. b3 Nf6 2. Bb2 d5 3. f4 c5 4. Nf3 Nc6 5. e3 Bg4 6. Bb5 Qb6 7. a4 a6 8. Bxc6+ Qxc6 9. h3 Bxf3 10. Qxf3 e6 11. O-O Rd8 12. d3 Be7 13. Nd2 O-O 14. Qe2 b5 15. Nf3 c4 16. Ne5 Qb7 17. axb5 axb5 18. bxc4 bxc4 19. Bd4 cxd3 20. cxd3 Ra8 21. Rab1 Qa6 22. Rfc1 Rfc8 23. Kh2 Rxc1 24. Rxc1 Rc8 25. Ra1 Qb5 26. Ra7 Bc5 27. Rxf7 Bxd4 28. exd4 Qe8 29. Ra7 Ra8 30. Rb7 Rb8 31. Ra7 Ra8 32. Rxa8 Qxa8 33. Nf3 Qc8 34. Ng5 h6 35. Nxe6 Qe8 36. Qe5 Qf7 37. f5 Qh5 38. Qb8+ Kh7 39. Nf8+ Kg8 40. Ng6+ Kf7 41. Qf8# 1-0


[Site "https://www.chess.com"]

[Event "Titled Tuesday Blitz January 10 Early 2023"]
[White "Jovic, Stanoje"]
[Black "Ordekalog"]
[WhiteFideId "905020"]
[WhiteElo "2075"]
[BlackElo "2635"]
[Result "1-0"]
[Round "04"]
[TimeControl "180+2"]
[Date "2023.01.10"]
[WhiteClock "0:00:11"]
[BlackClock "0:00:10"]

1. c4 e6 2. g3 d5 3. Bg2 Nf6 4. Nf3 Be7 5. O-O O-O 6. d4 c5 7. cxd5 exd5 8. dxc5 Bxc5 9. a3 a5 10. b3 Nc6 11. Bb2 Re8 12. Nc3 Bg4 13. Rc1 Bf8 14. h3 Be6 15. Nb5 Qd7 16. Kh2 Rac8 17. Nbd4 Ne4 18. Nxe6 fxe6 19. Nd4 Nxd4 20. Rxc8 Rxc8 21. Qxd4 Nf6 22. e4 Rc2 23. exd5 exd5 24. b4 Qb5 25. Ba1 axb4 26. axb4 Rc4 27. Qe5 Qd7 28. Rd1 Rc2 29. Kg1 Qf7 30. Bd4 h6 31. Qf5 Rc4 32. Bxf6 1-0


[Site "https://www.chess.com"]

[Event "Titled Tuesday Blitz January 10 Early 2023"]
[White "Sadubayev, Airat"]
[Black "Kupervaser, Erez"]
[WhiteFideId "13713264"]
[BlackFideId "2814587"]
[WhiteElo "2320"]
[BlackElo "2269"]
[Result "1/2-1/2"]
[Round "04"]
[TimeControl "180+2"]
[Date "2023.01.10"]
[WhiteClock "0:00:22"]
[BlackClock "0:00:42"]

1. d4 d5 2. c4 c6 3. Nf3 Nf6 4. Nc3 e6 5. e3 Nbd7 6. Qc2 Bd6 7. b3 O-O 8. Be2 Re8 9. O-O Qe7 10. Bb2 e5 11. dxe5 Nxe5 12. cxd5 Nxf3+ 13. Bxf3 Bg4 14. Qe2 Bxf3 15. Qxf3 Qe5 16. g3 Nxd5 17. Rac1 Nxc3 18. Bxc3 Qe4 19. Qxe4 Rxe4 20. Rfd1 Re6 21. Rd3 Kf8 22. Rcd1 Be5 23. Bb4+ Ke8 24. Rd7 b6 25. Kg2 c5 26. Be1 Bf6 27. g4 Rd8 28. Rxd8+ Bxd8 29. Bc3 Bf6 30. Bxf6 Rxf6 31. f4 Ke7 32. Kf3 Rd6 33. Rxd6 Kxd6 34. e4 f6 35. h4 h6 36. h5 b5 37. Ke3 Ke6 38. Kd3 Kd6 39. Kc3 Kc6 40. a4 a6 41. Kd3 Kd6 42. Kc2 Ke6 43. Kc3 Kd6 44. axb5 axb5 45. b4 c4 46. Kd4 Ke6 47. Kc3 Kd6 48. Kd4 Ke6 49. Kc3 Kd6 1/2-1/2


[Site "https://www.chess.com"]

[Event "Titled Tuesday Blitz January 10 Early 2023"]
[White "Goldin, Roman"]
[Black "Tatarinov, Dmitry"]
[WhiteFideId "2803860"]
[BlackFideId "24160067"]
[WhiteElo "2322"]
[BlackElo "2310"]
[Result "0-1"]
[Round "04"]
[TimeControl "180+2"]
[Date "2023.01.10"]
[WhiteClock "0:00:01"]
[BlackClock "0:01:16"]

1. Nf3 d5 2. e3 Nf6 3. b4 g6 4. Bb2 Bg7 5. c4 O-O 6. cxd5 Nxd5 7. Bxg7 Kxg7 8. Qb3 Nc6 9. a3 e5 10. Qb2 f6 11. d3 Be6 12. Nbd2 a5 13. b5 Nce7 14. d4 exd4 15. Nxd4 Bf7 16. Rc1 Re8 17. Be2 a4 18. O-O Qd6 19. Rfd1 c5 20. Ne4 Qe5 21. Nxc5 Nf5 22. Nxf5+ Qxf5 23. e4 Qe5 24. Qxe5 Rxe5 25. exd5 Rxe2 26. d6 b6 27. Nb7 Bb3 28. d7 Bxd1 29. Rxd1 Ra2 30. d8=Q Rxd8 31. Nxd8 Rxa3 32. h4 Rb3 33. Ne6+ Kf7 34. Nd4 Rb4 35. Kf1 h5 36. Ke2 a3 37. Kd3 Rb2 38. Ra1 a2 39. Ne2 Ke7 40. Nc3 Rxf2 41. Rxa2 Rf4 42. Ra6 Rxh4 43. Rxb6 Rg4 44. Rb7+ Kd6 45. Ne4+ Ke5 46. Re7+ Kf5 47. Nd6+ Kg5 0-1


[Site "https://www.chess.com"]

[Event "Titled Tuesday Blitz January 10 Early 2023"]
[White "Murzin, Volodar"]
[Black "Jaskolka, Tomasz"]
[WhiteFideId "44155573"]
[BlackFideId "1170791"]
[WhiteElo "2604"]
[BlackElo "2238"]
[Result "1-0"]
[Round "04"]
[TimeControl "180+2"]
[Date "2023.01.10"]
[WhiteClock "0:01:05"]
[BlackClock "0:01:14"]

1. e4 c5 2. Nf3 e6 3. g3 Nc6 4. Bg2 Nf6 5. Qe2 e5 6. Nc3 Be7 7. Nd5 O-O 8. O-O d6 9. c3 Be6 10. Ne1 Re8 11. Nc2 Bf8 12. Nce3 h6 13. d3 Bxd5 14. Nxd5 Nxd5 15. exd5 Ne7 16. h4 g6 17. h5 g5 18. f4 f6 19. fxg5 fxg5 20. Be4 Bg7 21. Bxg5 hxg5 22. Qg4 Qc8 23. Qxg5 Qh3 24. Bg2 Qd7 25. h6 Nc8 26. Be4 Re7 27. h7+ Kh8 28. Rf8+ Bxf8 29. Qg8# 1-0


[Site "https://www.chess.com"]

[Event "Titled Tuesday Blitz January 10 Early 2023"]
[White "Moskvin, Anatoly"]
[Black "Barrientos, Sergio E"]
[WhiteFideId "24199990"]
[BlackFideId "4401824"]
[WhiteElo "2189"]
[BlackElo "2479"]
[Result "1-0"]
[Round "04"]
[TimeControl "180+2"]
[Date "2023.01.10"]
[WhiteClock "0:00:55"]
[BlackClock "0:02:02"]

1. e4 c5 2. Nf3 d6 3. d4 cxd4 4. Nxd4 Nf6 5. f3 a6 6. c4 e6 7. Nc3 Nbd7 8. Be2 b6 9. O-O Bb7 10. Be3 Qc7 11. Rc1 Be7 12. Qd2 O-O 13. Rfd1 Rfe8 14. Bf1 Rac8 15. Qf2 Qb8 16. a3 Bd8 17. Kh1 Bc7 18. h3 h6 19. b4 Ne5 20. Nb3 Ned7 21. Na4 Bc6 22. b5 axb5 23. cxb5 Ba8 24. Rxc7 Qxc7 25. Nxb6 Qxb6 26. Bxb6 Nxb6 27. Qxb6 d5 28. e5 Nd7 29. Qd4 f6 30. f4 fxe5 31. fxe5 Red8 32. a4 Rf8 33. Bd3 Rb8 34. Nc5 1-0


[Site "https://www.chess.com"]

[Event "Titled Tuesday Blitz January 10 Early 2023"]
[White "Liyanage, Ranindu Dilshan"]
[Black "Quinones Garcia, Santiago"]
[WhiteFideId "9915834"]
[BlackFideId "4408497"]
[WhiteElo "2342"]
[BlackElo "2248"]
[Result "1-0"]
[Round "04"]
[TimeControl "180+2"]
[Date "2023.01.10"]
[WhiteClock "0:00:12"]
[BlackClock "0:00:02"]

1. c4 e5 2. Nc3 Nf6 3. Nf3 Nc6 4. e4 Bc5 5. Nxe5 Nxe5 6. d4 Bd6 7. c5 Bf8 8. dxe5 Ng8 9. Bc4 Bxc5 10. Qb3 Qe7 11. Nd5 Qxe5 12. O-O g5 13. Bd2 Bd6 14. g3 Qg7 15. e5 Bxe5 16. Rae1 Kd8 17. Rxe5 Qxe5 18. Re1 Qg7 19. Qe3 Qf8 20. Qe5 d6 21. Qxh8 Be6 22. Bxg5+ Kd7 23. Qc3 c6 24. Nf4 Bxc4 25. Qxc4 f6 26. Qe6+ Kc7 27. Qf5 Re8 28. Ne6+ Rxe6 29. Rxe6 1-0


[Site "https://www.chess.com"]

[Event "Titled Tuesday Blitz January 10 Early 2023"]
[White "Mirzoev, Azer"]
[Black "Andreev, Konstantin"]
[WhiteFideId "13400304"]
[BlackFideId "24239305"]
[WhiteElo "2416"]
[BlackElo "2195"]
[Result "1-0"]
[Round "04"]
[TimeControl "180+2"]
[Date "2023.01.10"]
[WhiteClock "0:00:53"]
[BlackClock "0:00:01"]

1. c4 Nf6 2. Nc3 e5 3. e3 d5 4. cxd5 Nxd5 5. Nf3 Nc6 6. Qc2 a6 7. a3 Be6 8. b4 Be7 9. Bb2 f6 10. Ne4 Bf7 11. Be2 O-O 12. O-O h6 13. d3 f5 14. Nc5 Bxc5 15. Qxc5 Qf6 16. Rfe1 Rfe8 17. Rac1 Qd6 18. Nd2 Rad8 19. Bf1 Nb6 20. Qxd6 cxd6 21. Nc4 Nxc4 22. dxc4 d5 23. cxd5 Bxd5 24. f3 Be6 25. Bxa6 Nxb4 26. axb4 bxa6 27. Bxe5 Rd2 28. Rc7 Bf7 29. f4 Red8 30. h3 g5 31. fxg5 hxg5 32. Bf6 Rb8 33. Bxg5 Rxb4 34. e4 Ra2 35. Rc8+ Kg7 36. Re3 Rbb2 37. Rg3 f4 38. Bxf4+ Kf6 39. Rc6+ Ke7 40. Rc7+ Ke6 41. Rg7 a5 42. Rcxf7 Rf2 43. Re7+ Kf6 44. Be5# 1-0


[Site "https://www.chess.com"]

[Event "Titled Tuesday Blitz January 10 Early 2023"]
[White "Hsu, Li Yang"]
[Black "Kovacsy, Barnabas"]
[WhiteFideId "5800080"]
[BlackFideId "769290"]
[WhiteElo "2427"]
[BlackElo "2245"]
[Result "1-0"]
[Round "04"]
[TimeControl "180+2"]
[Date "2023.01.10"]
[WhiteClock "0:00:06"]
[BlackClock "0:00:02"]

1. Nf3 Nf6 2. g3 g6 3. Bg2 Bg7 4. O-O O-O 5. d4 d5 6. c4 c6 7. cxd5 cxd5 8. Nc3 Ne4 9. Bf4 Nc6 10. Ne5 Nxc3 11. bxc3 Nxe5 12. dxe5 Be6 13. Qb3 Qc7 14. Bxd5 Bxd5 15. Qxd5 Qxc3 16. Qxb7 Bxe5 17. Rac1 Qb2 18. Qxb2 Bxb2 19. Rc7 e6 20. Rb1 Bd4 21. Rbb7 Rac8 22. Rd7 Rcd8 23. Bh6 Bg7 24. Bxg7 Kxg7 25. Rxd8 Rxd8 26. Rxa7 Rd2 27. e3 h5 28. Kg2 Rb2 29. h3 Rc2 30. Kf3 Rb2 31. a4 Ra2 32. a5 g5 33. a6 Kf6 34. Ra8 Ke5 35. h4 gxh4 36. gxh4 Kf6 37. Kg3 Ra3 38. Kf4 Ra2 39. f3 Ra4+ 40. Kg3 Kg7 41. e4 Ra3 42. Kf4 Ra5 43. e5 Kh7 44. Ke4 Ra4+ 45. Kd3 Rxh4 46. Rb8 Ra4 47. Rb6 h4 48. Ke3 Kg6 49. Kf2 Kf5 50. Kg2 Kxe5 51. Kh3 Kf4 52. Rb7 f5 53. a7 Kxf3 54. Rb3+ Kf4 55. Rb4+ Rxb4 56. a8=Q Re4 57. Kxh4 e5 58. Kh3 Re3+ 59. Kg2 Rg3+ 60. Kf2 Rg4 61. Qd5 e4 62. Qd6+ Kg5 63. Qd2+ f4 64. Qd5+ Kh4 65. Qxe4 Kg5 66. Qd5+ Kh4 67. Kf3 Rg3+ 68. Kxf4 Rg4+ 69. Kf3 Rg3+ 70. Kf2 Rg5 71. Qe6 Kh5 72. Kf3 Rg6 73. Qf5+ Kh6 74. Qf8+ Kh7 75. Kf4 Rg5 76. Qe7+ Rg7 77. Qh4+ Kg8 78. Kf5 Rf7+ 79. Ke6 Rg7 80. Qh6 Rh7 81. Qg6+ Rg7 82. Qh5 Rh7 83. Qe8+ Kg7 84. Qf7+ 1-0


[Site "https://www.chess.com"]

[Event "Titled Tuesday Blitz January 10 Early 2023"]
[White "UnknownMagician"]
[Black "Marn, Jan"]
[BlackFideId "14619245"]
[WhiteElo "2657"]
[BlackElo "2345"]
[Result "1-0"]
[Round "04"]
[TimeControl "180+2"]
[Date "2023.01.10"]
[WhiteClock "0:01:36"]
[BlackClock "0:01:46"]

1. c4 e6 2. Nf3 d5 3. e3 Nf6 4. Nc3 Bd6 5. b3 a6 6. Bb2 O-O 7. Qc2 Nbd7 8. g4 Nxg4 9. Rg1 f5 10. cxd5 Nde5 11. Be2 Nxf3+ 12. Bxf3 e5 13. h3 Qh4 14. hxg4 fxg4 15. Rh1 Qf6 16. Qxh7+ Kf7 17. Ne4 1-0


[Site "https://www.chess.com"]

[Event "Titled Tuesday Blitz January 10 Early 2023"]
[White "Shuvalova, Polina"]
[Black "Shtompel, Yuriy"]
[WhiteFideId "24171760"]
[BlackFideId "14168278"]
[WhiteElo "2484"]
[BlackElo "1938"]
[Result "1-0"]
[Round "04"]
[TimeControl "180+2"]
[Date "2023.01.10"]
[WhiteClock "0:00:25"]
[BlackClock "0:00:10"]

1. d4 Nf6 2. Nf3 d5 3. Bf4 e6 4. e3 Be7 5. Nbd2 O-O 6. h4 c5 7. c3 Nc6 8. Bd3 Bd6 9. Bg5 h6 10. Bf4 Qc7 11. dxc5 Bxf4 12. exf4 Qxf4 13. Qe2 e5 14. g3 Qg4 15. Nh2 Qe6 16. O-O e4 17. Bc2 Qh3 18. Rfe1 Ne5 19. Qf1 Qd7 20. Rad1 a5 21. c4 Ra6 22. cxd5 Qxd5 23. Nxe4 Qc6 24. Rd6 Nxe4 25. Rxc6 Rxc6 26. Bxe4 Rc7 27. Bb1 Rxc5 28. Qe2 Nc6 29. Nf3 Bg4 30. Qe4 Bf5 31. Qe3 b6 32. Bxf5 Rxf5 33. Nd4 Rc5 34. Nxc6 Rxc6 35. Rc1 Rfc8 36. Rxc6 Rxc6 37. Qe8+ Kh7 38. Qxc6 1-0


[Site "https://www.chess.com"]